 Dungeon Crawl Stone Soup version 0.31-a0-167-g1c394c0614 (webtiles) character file.

Game seed: 2649841229385349692

172 qw the Shooter (level 5, -1/32 HPs)
             Began as a Gargoyle Hunter on June 13, 2023.
             Was an Initiate of Okawaru.
             Slain by Eustachio
             ... wielding a +2 rapier of distortion
              (3 damage)
             ... on level 4 of the Dungeon.
             The game lasted 00:01:06 (2496 turns).

qw the Shooter (Gargoyle Hunter)                    Turns: 2496, Time: 00:01:07

Health: -1/32      AC: 13    Str: 15    XL:     5   Next: 53%
Magic:  5/5        EV: 11    Int:  9    God:    Okawaru [......]
Gold:   187        SH:  0    Dex: 15    Spells: 4/4 levels left

rFire   . . .        Y - +1 shortbow
rCold   . . .        (shield currently unavailable)
rNeg    + . .        e - +0 ring mail
rPois   inf          h - +2 hat
rElec   +            c - +0 cloak {rPois}
rCorr   .            k - +0 pair of gloves
SInv    .            (no boots)
Will    +....        (no amulet)
Stlth   +            f - ring of willpower
HPRegen 0.25/turn    (no ring)
MPRegen 0.09/turn

%: no passive effects
@: about to teleport
A: sickness immunity, AC +4, negative energy resistance 1, electricity
resistance, torment resistance 1, petrification resistance
a: Renounce Religion


You were on level 4 of the Dungeon.
You worshipped Okawaru.
Okawaru was noncommittal.
You visited 1 branch of the dungeon, and saw 4 of its levels.

You collected 187 gold pieces.


Innate Abilities, Weirdness & Mutations

You are immune to sickness and miasma.
Your stone body is resilient. (AC +4)
You are immune to poison.
You resist negative energy. (rN+)
You are resistant to electric shocks. (rElec)
You are resistant to unholy torment.
You are immune to petrification.


   Skills:
 + Level 3.2 Fighting
 - Level 6.0 Ranged Weapons
 - Level 1.1 Armour
 - Level 1.5 Dodging
 - Level 1.1 Stealth


You had 4 spell levels left.
You didn't know any spells.
Your spell library was empty.

Inventory:

Hand Weapons
 Y - a +1 shortbow (weapon)
Armour
 c - a +0 cloak of poison resistance (worn)
 e - a +0 ring mail (worn)
 h - a +2 hat (worn)
 k - a +0 pair of gloves (worn)
Jewellery
 f - a ring of willpower (left hand)
 l - a ring of ice
Scrolls
 b - a scroll of teleportation
 n - a scroll of identify
Potions
 a - a potion of haste
 g - a potion of enlightenment {unknown}
 i - a potion of invisibility {unknown}
 j - 2 potions of curing

Dungeon Overview and Level Annotations

Branches:
Dungeon (4/15)
 Temple: D:4-7

Altars:
Ashenzari
Hepliaklqana
Nemelex Xobeh
Okawaru
Uskayaw
Wu Jian
The Shining One

Annotations:
D:2 exclusion: gnoll
D:4 Eustachio


Message History

Eustachio is heavily wounded.
The bat misses you.
Eustachio mumbles some strange words.
You shoot an arrow. The arrow barely misses Eustachio.
The arrow barely misses the quokka.
The bat closely misses you. Eustachio closely misses you.
The iron imp hits you but does no damage.
You shoot an arrow. The arrow closely misses Eustachio.
The arrow hits the river rat.
The river rat is lightly wounded.
The bat barely misses you.
Eustachio casts a spell.
The iron imp hits you.
You shoot an arrow.
The arrow hits Eustachio but does no damage.
Eustachio is heavily wounded.
The bat disappears in a puff of smoke!
The river rat disappears in a puff of smoke!
The bat closely misses you. The bat hits you but does no damage. x2
The quokka twitches its whiskers.
Eustachio hits you with a +2 rapier of distortion.
Space warps around you.
You shoot an arrow. The arrow hits Eustachio!
Eustachio is heavily wounded.
The bat hits you but does no damage. x2; The bat barely misses you.
The bat hits you. The bat hits you but does no damage.
An endoplasm comes into view.
Eustachio hits you with a +2 rapier of distortion.
The iron imp closely misses you. The bat hits you but does no damage.
Eustachio completely misses you.
2496 ||| READING 2 scrolls of teleportation.
As you read the scroll of teleportation, it crumbles to dust.
You feel strangely unstable.
The endoplasm quivers.
The bat misses you. The bat hits you but does no damage. x2
The bat barely misses you.
The iron imp hits you but does no damage.
The bat hits you but does no damage. x2; Eustachio hits you but does no damage.
Space warps around you.
You die...

## .# #. J. ..# #.# #.
.########.####.#
#.#.##............#
#.#.##.#.......##.#
#.#g##.#.......##.#
#b#b##.#.......##.# ##
#.@5r5<............
......b#@5#.#.......%./.
#####..##ยค..#.......##..
#(.##...#.......###.
#..............## ##
#..##.....####.# # #..
#..#.#.###.# # #>.
#..........#####
.##..#.#.###......


You could see Eustachio, an iron imp (summoned), a crimson imp (summoned), a
white imp (summoned), an endoplasm, a quokka (summoned), a goblin and 3 bats.

Vanquished Creatures
  Jessica (D:3)
  4 gnolls (D:2)
  3 adders
  A dart slug (D:1)
  4 orcs (D:3)
  8 bats
  3 endoplasms
  3 giant cockroaches
  9 goblins
  7 hobgoblins
  4 jackals (D:1)
  3 quokkas
  9 ball pythons
  5 frilled lizards
  A kobold (D:1)
  8 rats
73 creatures vanquished.

Notes
Turn   | Place    | Note
-------+----------+-------------------------------------------
     0 | D:1      | qw the Gargoyle Hunter began the quest for the Orb.
     0 | D:1      | Reached XP level 1. HP: 12/12 MP: 1/1
     0 | D:1      | 0 ||| qw: Version: 0.2-a-29-gc1b59c4
     0 | D:1      | 0 ||| qw: Game counter: 4854
     0 | D:1      | 0 ||| qw: Always use a shield: true
     0 | D:1      | 0 ||| qw: God list: Okawaru
     0 | D:1      | 0 ||| qw: Allow faded altars: false
     0 | D:1      | 0 ||| qw: Do Orc after D:15 true
     0 | D:1      | 0 ||| qw: Do second Lair branch before Depths: true
     0 | D:1      | 0 ||| qw: Lair rune preference: random
     0 | D:1      | 0 ||| qw: Plans: Normal, Zot:1-4, Slime:5, God:TSO, Crypt,
                  | Tomb, Abyss, Pan, Hells, Win
     0 | D:1      | 0 ||| PLANNING D:1-11
   120 | D:1      | Reached XP level 2. HP: 17/17 MP: 2/2
   246 | D:1      | Reached XP level 3. HP: 19/21 MP: 3/3
   253 | D:1      | Reached skill level 5 in Ranged Weapons
   600 | D:1      | 600 ||| UPGRADING to +2 hat.
   605 | D:1      | 605 ||| UPGRADING to +0 pair of gloves.
   610 | D:1      | 610 ||| UPGRADING to ring of willpower.
   611 | D:1      | 611 ||| READING scroll labelled GENTIA TINOS.
   612 | D:1      | 612 ||| READING scroll labelled YXONEF GENODA.
   613 | D:1      | 613 ||| READING scroll labelled TATWOMPAHE.
   616 | D:1      | 616 ||| DRINKING 2 lumpy yellow potions.
   617 | D:1      | 617 ||| DROPPING scroll of butterflies.
   790 | D:2      | Found a faded altar of an unknown god.
   811 | D:2      | Reached skill level 3 in Fighting
   812 | D:2      | Reached XP level 4. HP: 28/28 MP: 4/4
   821 | D:2      | 821 ||| Stepping ~*~*~tactically~*~*~ (outnumbered).
   831 | D:2      | HP: 7/28 [gnoll/+0 spear (8)]
  1660 | D:2      | 1660 ||| UPGRADING to +0 ring mail.
  1670 | D:2      | 1670 ||| DROPPING +0 leather armour.
  1671 | D:2      | 1671 ||| READING 2 scrolls labelled FOYQET TINUIP.
  1672 | D:2      | 1672 ||| READING scroll labelled DAQING VEXALID.
  1673 | D:2      | 1673 ||| DROPPING scroll of revelation.
  1895 | D:3      | Reached skill level 1 in Armour
  1895 | D:3      | Reached XP level 5. HP: 28/32 MP: 5/5
  2023 | D:3      | Found a glowing golden altar of the Shining One.
  2025 | D:3      | Found an ornate altar of the Wu Jian Council.
  2029 | D:3      | Found a broken altar of Ashenzari.
  2030 | D:3      | Found a sparkling altar of Nemelex Xobeh.
  2035 | D:3      | Found a hide-covered altar of Uskayaw.
  2035 | D:3      | Found an iron altar of Okawaru.
  2036 | D:3      | 2036 ||| PLANNING OKAWARU WORSHIP
  2036 | D:3      | 2036 ||| UPGRADING to +0 cloak of poison resistance.
  2041 | D:3      | 2041 ||| DRINKING 2 grey potions.
  2042 | D:3      | 2042 ||| READING 2 scrolls of identify.
  2042 | D:3      | 2042 ||| IDENTIFYING yellow potion
  2043 | D:3      | 2043 ||| DROPPING potion of berserk rage.
  2044 | D:3      | Found a hazy altar of Hepliaklqana.
  2051 | D:3      | Became a worshipper of Warmaster Okawaru
  2051 | D:3      | 2051 ||| PLANNING D:1-11
  2095 | D:3      | Noticed Jessica
  2100 | D:3      | Killed Jessica
  2101 | D:3      | Reached skill level 6 in Ranged Weapons
  2374 | D:3      | 2374 ||| READING scroll labelled DOIFFIRU JILU.
  2441 | D:4      | Noticed Eustachio
  2445 | D:4      | 2445 ||| FLEEEEING.
  2446 | D:4      | 2446 ||| FLEEEEING.
  2447 | D:4      | 2447 ||| FLEEEEING.
  2448 | D:4      | 2448 ||| FLEEEEING.
  2449 | D:4      | 2449 ||| FLEEEEING.
  2450 | D:4      | 2450 ||| FLEEEEING.
  2451 | D:4      | 2451 ||| STAIRDANCE
  2495 | D:4      | HP: 8/32 [bat[Eustachio] (1)]
  2495 | D:4      | HP: 2/32 [Eustachio/+2 rapier of distortion (6)]
  2496 | D:4      | 2496 ||| READING 2 scrolls of teleportation.
  2496 | D:4      | Slain by Eustachio

Levels and vault maps discovered:
D:1:      sevenhm_arrival_forest_fort_small_3, layout_basic
D:2:      layout_basic, ebering_ecumenical_altar_rust
D:3:      layout_basic, grunt_temple_overflow_open, uniq_jessica
D:4:      layout_loops_ring, kennysheep_ying_yang, lemuel_doored_altar,
          minmay_temple_entry_gardened_gates, kennysheep_generic_room_4,
          uniq_eustachio

Skill      XL: |  1  2  3  4  5 |
---------------+----------------+-----
Ranged Weapons | 5 6 |  6.0
Fighting       | 3 |  3.2
Armour         | 1 |  1.1
Dodging        | |  1.5
Stealth        | |  1.1

Action                     |  1- 3 |  4- 6 || total
---------------------------+-------+-------++-------
   Fire: Shortbow          |   106 |   132 ||   238
    Use: Scroll            |     3 |     5 ||     8
         Potion            |     1 |     1 ||     2
 Armour: Leather armour    |    22 |     9 ||    31
         Ring mail         |       |    61 ||    61
  Dodge: Dodged            |    34 |    65 ||    99

Table legend:
 A = Non-vault XP
 B = Vault XP
 C = Vault XP percentage of total XP
 D = Non-vault monster count
 E = Vault monster count
 F = Vault count percentage of total count
                 A         B        C        D         E       F
            +---------+---------+-------+---------+---------+-------
      Total |     210 |      37 |  15.0 |      72 |       1 |   1.4
            +---------+---------+-------+---------+---------+-------
        D:1 |      49 |       0 |   0.0 |      30 |       0 |   0.0
        D:2 |     101 |       0 |   0.0 |      23 |       0 |   0.0
        D:3 |      56 |      37 |  39.8 |      17 |       1 |   5.6
        D:4 |       4 |       0 |   0.0 |       2 |       0 |   0.0
            +---------+---------+-------+---------+---------+-------
